 Dungeon Crawl Stone Soup version 0.29.0-11-gd7f09526c8 (webtiles) character file.

Game seed: 11598015886428766479

142 concernfroge the Trooper (level 5, 0/28 (46) HPs)
             Began as a Mummy Monk on Sept 5, 2022.
             Slain by an orc
             ... wielding a +0 whip
              (2 damage)
             ... on level 4 of the Dungeon.
             The game lasted 00:07:49 (2828 turns).

concernfroge the Trooper (Mummy Monk)               Turns: 2828, Time: 00:07:49

HP:   0/28 (46)     AC: 10    Str: 17    XL:     5   Next: 3%
MP:   5/5           EV: 11    Int:  9    God:
Gold: 85            SH:  0    Dex: 14    Spells: 4/4 levels left

rFire   x . .      SeeInvis .   a - +1 spear
rCold   + . .      Faith    .   (no shield)
rNeg    + + +      Spirit   .   j - +0 ring mail
rPois   ∞          Reflect  .   f - +0 helmet
rElec   .          Harm     .   l - scarf {+Inv}
rCorr   .          Rampage  .   (no gloves)
Will    .....                   (no boots)
Stlth   +.........              (no amulet)
HPRegen 0.09/turn               e - +4 ring of protection
MPRegen 0.09/turn               (no ring)

@: very slightly contaminated, very heavily drained
A: cold resistance 1, negative energy resistance 3, torment resistance 2, heat
vulnerability 1, in touch with death 1, no potions
a: Evoke Invisibility


You were on level 4 of the Dungeon.
You visited 1 branch of the dungeon, and saw 4 of its levels.

You collected 85 gold pieces.

Inventory:

Hand Weapons
 a - a +1 spear (weapon)
Missiles
 c - 5 silver boomerangs (quivered)
Armour
 f - a +0 helmet (worn)
 j - a +0 ring mail (worn)
 l - a scarf of invisibility (worn)
Jewellery
 e - a +4 ring of protection (left hand)
Scrolls
 g - a scroll of noise
 h - a scroll of identify


   Skills:
 + Level 5.8 Fighting
 - Level 2.4 Polearms
 - Level 2.4 Dodging
 - Level 1.5 Stealth


You had 4 spell levels left.
You didn't know any spells.
Your spell library contained the following spells:

 Spells                   Type           Power      Damage    Failure   Level
 Poisonous Vapours        Pois/Air       0%         N/A       75%         2
 Corpse Rot               Necr/Pois/Air  0%         N/A       100%        4


Dungeon Overview and Level Annotations

Branches:
Dungeon (4/15)
 Temple: D:4-7

Altars:
Ashenzari
Trog
Yredelemnul


Innate Abilities, Weirdness & Mutations

You are immune to poison.
Your flesh is cold resistant. (rC+)
You are immune to negative energy. (rN+++)
You are immune to unholy pain and torment.
You are vulnerable to heat. (rF-)
You are in touch with the powers of death.
You do not drink.


Message History

2 orcs come into view.
An orc is wielding a +0 club and wearing a +2 scale mail of willpower.
The orc wizard hits you but does no damage.
The orc wizard attacks as you move away!
The orc wizard hits you but does no damage.
The orc throws a boomerang.
The boomerang barely misses you.
Okay, then.
You feel drained.
You fail to use your ability.
The howler monkey hoots and howls with incredible vigour!
The orc wizard hits you but does no damage.
You hear an angry growl.
You hear a shout! x4
You feel drained.
You fade into invisibility!
The orc wizard hits you with a +0 dagger.
* * * LOW HITPOINT WARNING * * *
The orc throws a boomerang.
You flicker for a moment.
The orc throws a boomerang.
You flicker back into view.
An orc comes into view. It is wielding a +0 hand axe.
The orc moves out of view.
An orc comes into view. It is wielding a +0 trident.
Found a scroll of identify.
The orc shouts!
You hear a shout! x2
An orc comes into view. It is wielding a +0 club.
Found an escape hatch in the floor.
The orc shouts! 2 orcs come into view.
An orc is wielding a +2 short sword of venom.
Found a stone staircase leading up.
The orc shouts!
The orc hits you with a +0 club.
* * * LOW HITPOINT WARNING * * *
You see here a scroll of identify.
The orc attacks as you move away! The orc hits you with a +0 whip.
* * * LOW HITPOINT WARNING * * *
The orc attacks as you move away! The orc closely misses you.
There is an escape hatch in the floor here.
The orc hits you with a +0 whip.
You die...

#.###.###.###
#....h...o..#
#####o###.#..
###...#.##
#.?........
#.#o..#.##.
#o#o.#...#
###o#........
#...@..#...#.
#.#.##<##.##
#.#.# .# .# #
#.# .# . #.#
..# ..# ..


You could see a howler monkey and 5 orcs.

Vanquished Creatures
  8 adders
  5 worms
  2 dart slugs (D:1)
  An orc (D:3)
  4 endoplasms
  7 goblins
  3 hobgoblins
  2 kobolds (D:1)
  3 quokkas
  9 ball pythons
  4 bats
  5 frilled lizards
  2 rats (D:2)
55 creatures vanquished.

Notes
Turn   | Place    | Note
-------+----------+-------------------------------------------
     0 | D:1      | concernfroge the Mummy Monk began the quest for the Orb.
     0 | D:1      | Reached XP level 1. HP: 18/18 MP: 1/1
   123 | D:1      | Reached XP level 2. HP: 19/24 MP: 2/2
   584 | D:1      | Reached skill level 4 in Fighting
  1085 | D:2      | Gained mutation: You are in touch with the powers of death.
                  | [Mummy growth]
  1085 | D:2      | Reached XP level 3. HP: 30/31 MP: 3/3
  1401 | D:2      | Reached skill level 5 in Fighting
  1401 | D:2      | Reached XP level 4. HP: 34/39 MP: 4/4
  1551 | D:2      | Found a faded altar of an unknown god.
  2225 | D:3      | Found a basalt altar of Yredelemnul.
  2228 | D:3      | Found a bloodstained altar of Trog.
  2410 | D:3      | Reached XP level 5. HP: 46/46 MP: 5/5
  2423 | D:3      | Found a broken altar of Ashenzari.
  2824 | D:4      | HP: 1/28 [orc/+0 whip (1)]
  2828 | D:4      | Slain by an orc

Illustrated notes

Levels and vault maps discovered:
D:1:      roderic_chinese_lattice_arrival, layout_basic
D:2:      layout_basic, chequers_ecumenical_altar_simple_redux
D:3:      minmay_recursive_quarters, layout_loops_ring,
          mainiacjoe_overflow_surrounded_room, nicolae_overflow_squiral,
          minmay_fountain_box, nicolae_wormholes
D:4:      layout_loops_ring, mainiacjoe_overflow_tiny_flanked

Skill      XL: |  1  2  3 |
---------------+----------+-----
Fighting       | 4 5 |  5.8
Polearms       | |  2.4
Dodging        | |  2.4
Stealth        | |  1.5

Action                   |  1- 3 |  4- 6 || total
-------------------------+-------+-------++-------
Melee: Spear             |   131 |   146 ||   277
       Punch             |     1 |     2 ||     3
Throw: Javelin           |       |     9 ||     9
       Boomerang         |       |     2 ||     2
 Abil: Evoke Invisibilit |       |     2 ||     2
  Use: Scroll            |       |     5 ||     5
 Stab: Sleeping          |     3 |       ||     3
Armor: Robe              |    32 |    16 ||    48
       Ring mail         |       |    35 ||    35
Dodge: Dodged            |    60 |    65 ||   125
